 Dungeon Crawl Stone Soup version 0.31.0-11-ge490571c62 (webtiles) character file.

Game seed: 16845982090610083406

31 qw the Shooter (level 3, -4/20 HPs)
             Began as a Deep Elf Hunter on Feb 4, 2024.
             Slain by Sigmund
             ... wielding a +2 scythe of venom
              (9 damage)
             ... on level 2 of the Dungeon.
             The game lasted 00:00:31 (760 turns).

qw the Shooter (Deep Elf Hunter)                     Turns: 760, Time: 00:00:31

Health: -4/20      AC:  5    Str: 10    XL:     3   Next: 7%
Magic:  5/5        EV:  8    Int: 13    God:
Gold:   82         SH:  0    Dex: 18    Spells: 2/2 levels left

rFire   . . .        a - +1 shortbow
rCold   . . .        (shield currently unavailable)
rNeg    . . .        i - +0 ring mail
rPois   .            (no helmet)
rElec   .            (no cloak)
rCorr   .            (no gloves)
SInv    .            (no boots)
Will    .....        (no amulet)
Stlth   +            (no ring)
HPRegen 0.23/turn    (no ring)
MPRegen 0.09/turn

%: no passive effects
@: mighty, lethally poisoned (-4 -> -20), constricted
A: no striking features
a: no special abilities


You were on level 2 of the Dungeon.
You visited 1 branch of the dungeon, and saw 2 of its levels.

You collected 82 gold pieces.


   Skills:
 - Level 1.5 Fighting
 + Level 6.7 Ranged Weapons
 - Level 2.4 Dodging
 - Level 1.2 Stealth


You had 2 spell levels left.
You didn't know any spells.
Your spell library was empty.

Inventory:

Hand Weapons
 a - a +1 shortbow (weapon)
Armour
 i - a +0 ring mail (worn)
Scrolls
 c - a scroll of amnesia {unknown}

Dungeon Overview and Level Annotations

Branches:
Dungeon (2/15)

Altars:

Shops:
D:1 [

Annotations:
D:2 Sigmund


Message History

You shoot an arrow. The arrow hits the frilled lizard!
You kill the frilled lizard!
c - a scroll labelled MOTUUCS WOESI Sigmund, a ball python and a hobgoblin come into view.
Sigmund is wielding a +2 scythe of venom.
The ball python hisses angrily.
You shoot an arrow. The arrow hits Sigmund.
Sigmund shouts!
Sigmund is lightly wounded.
Sigmund gestures at you while chanting.
You are confused.
754 ||| DRINKING yellow potion.
It was a potion of might.
You feel very mighty all of a sudden. Sigmund barely misses you.
The hobgoblin hits you.
Sigmund casts a spell.
Sigmund flickers and vanishes!
Deactivating autopickup; reactivate with Ctrl-A.
The ball python bites you but does no damage.
The ball python grabs you. The ball python constricts you.
The hobgoblin barely misses you. Something hits you but does no damage.
You are poisoned.
The ball python closely misses you. The ball python constricts you.
The hobgoblin hits you.
You feel less confused.
You feel sick. The ball python bites you. The ball python constricts you.
Something hits you!
You are more poisoned.
The hobgoblin completely misses you.
759 ||| DRINKING potion of heal wounds.
You feel much better.
You feel very sick. The ball python barely misses you.
The ball python constricts you. The hobgoblin hits you.
You shoot an arrow.
The arrow closely misses the ball python.
You feel very sick. The ball python barely misses you.
The ball python constricts you. Something hits you!
You die...

#### ###..###
###...@S.#
#.####....##g...#
#........%#
{......
##...##...#
....... #.# ##.##
.###### ..# #.#
.# #..[# #.# #.#
.# #.#.# #.# #.#
.# #.#.# #.# #.#


You could see a hobgoblin and a ball python.

Vanquished Creatures
  A gnoll (D:1)
  4 bats (D:1)
  2 endoplasms (D:1)
  A giant cockroach (D:1)
  2 goblins (D:1)
  A hobgoblin (D:1)
  A quokka (D:1)
  A ball python (D:1)
  A frilled lizard (D:2)
  2 kobolds
  5 rats (D:1)
21 creatures vanquished.

Notes
Turn   | Place    | Note
-------+----------+-------------------------------------------
     0 | D:1      | qw the Deep Elf Hunter began the quest for the Orb.
     0 | D:1      | Reached XP level 1. HP: 12/12 MP: 3/3
     0 | D:1      | 0 ||| qw: Version: 0.3-a-160-g6735b56
     0 | D:1      | 0 ||| qw: Game counter: 5913
     0 | D:1      | 0 ||| qw: Melee chars always use a shield: true
     0 | D:1      | 0 ||| qw: God list: Okawaru
     0 | D:1      | 0 ||| qw: Allow faded altars: false
     0 | D:1      | 0 ||| qw: Do Orc after clearing Dungeon:15 true
     0 | D:1      | 0 ||| qw: Do second Lair branch before Depths: true
     0 | D:1      | 0 ||| qw: Lair rune preference: random
     0 | D:1      | 0 ||| qw: Goals: Normal
     0 | D:1      | 0 ||| PLANNING D:1-11
    77 | D:1      | Found Avusuh's Antique Armour Shop.
    88 | D:1      | 88 ||| SHOPLISTING ring mail (72 gold, have 0).
    88 | D:1      | 88 ||| SHOPLISTING shiny ring mail (126 gold, have 0).
   134 | D:1      | Reached XP level 2. HP: 16/16 MP: 4/4
   146 | D:1      | Reached skill level 6 in Ranged Weapons
   409 | D:1      | Reached XP level 3. HP: 20/20 MP: 5/5
   548 | D:1      | 548 ||| UPGRADING to +0 scale mail.
   558 | D:1      | 558 ||| DROPPING +0 leather armour.
   559 | D:1      | 559 ||| UPGRADING to +0 ring mail.
   569 | D:1      | 569 ||| DROPPING +0 scale mail.
   570 | D:1      | 570 ||| READING scroll labelled WUOLOM KUOJAR.
   574 | D:1      | 574 ||| READING scroll labelled KUBANI CORCH.
   612 | D:1      | 612 ||| READING scroll labelled PIMYID YLUIKKU.
   613 | D:1      | 613 ||| READING scroll labelled ESKA GAMUAWI.
   613 | D:1      | 613 ||| IDENTIFYING grey potion
   614 | D:1      | 614 ||| READING scroll labelled HOONUENGEWAC.
   614 | D:1      | 614 ||| ENCHANTING +0 shortbow.
   615 | D:1      | 615 ||| DROPPING scroll of butterflies.
   752 | D:2      | Noticed Sigmund
   754 | D:2      | 754 ||| DRINKING yellow potion.
   758 | D:2      | HP: 4/20 [something (9)]
   759 | D:2      | 759 ||| DRINKING potion of heal wounds.
   760 | D:2      | Slain by Sigmund

Levels and vault maps discovered:
D:1:      elethiomel_arrival_quiet, layout_rooms, serial_shops,
          nicolae_shop_tiny_statue_garden, hangedman_decor_diamond_cutter,
          moated_statue
D:2:      layout_loops_ring, minmay_misc_feat_x, uniq_sigmund,
          uniq_crazy_yiuf_cottage

Skill      XL: |  1  2 |
---------------+-------+-----
Ranged Weapons | 6 |  6.7
Fighting       | |  1.5
Dodging        | |  2.4
Stealth        | |  1.2

Action                     || total
---------------------------++-------
   Fire: Shortbow          ||    71
    Use: Scroll            ||     5
         Potion            ||     2
 Armour: Leather armour    ||    11
         Ring mail         ||     8
  Dodge: Dodged            ||    31

Table legend:
 A = Non-vault XP
 B = Vault XP
 C = Vault XP percentage of total XP
 D = Non-vault monster count
 E = Vault monster count
 F = Vault count percentage of total count
                 A         B        C        D         E       F
            +---------+---------+-------+---------+---------+-------
      Total |      45 |       0 |   0.0 |      21 |       0 |   0.0
            +---------+---------+-------+---------+---------+-------
        D:1 |      43 |       0 |   0.0 |      19 |       0 |   0.0
        D:2 |       2 |       0 |   0.0 |       2 |       0 |   0.0
            +---------+---------+-------+---------+---------+-------
